 Dungeon Sprint DCSS version 0.32-a0-571-gec57dfcd37 (webtiles) character file.

Game seed: 14803200941506221256

128 rocky1 the Severer (level 8, -7/83 HPs)
             Began as a Mountain Dwarf Reaver on Mar 1, 2024.
             Was an Initiate of Gozag.
             Mangled by the 27-headed Lernaean hydra (8 damage)
             ... in the Dungeon (Sprint VI: "Thunderdome").
             The game lasted 00:07:58 (568 turns).

rocky1 the Severer (Mountain Dwarf Reaver)           Turns: 568, Time: 00:07:58

Health: -7/83      AC: 11    Str: 22    XL:     8   Next: 54%
Magic:  10/10      EV: 11    Int: 19    God:    Gozag
Gold:   713        SH:  0    Dex:  5    Spells: 9/10 levels left

rFire   . . .        d - +0 dire flail
rCold   . . .        (shield currently unavailable)
rNeg    . . .        o - +0 plate armour
rPois   .            (no helmet)
rElec   +            (no cloak)
rCorr   .            (no gloves)
SInv    .            (no boots)
Will    +....        a - amulet of the Harvest {Rampage rElec Regen+ Dex-3} Stlth
                     n - ring of the Sky {EV+5 Str+2 Int+3}
HPRegen 1.13/turn    j - ring "Wejeses" {Will+ Str+2 Int+3}
MPRegen 0.12/turn

%: no teleportation, rampage
@: confused, lethally poisoned (-7 -> -7), quad damage, glowing
A: runic magic, artefact enchanting
a: Renounce Religion, Potion Petition, Call Merchant, Bribe Branch


You were in the Dungeon.
You worshipped Gozag.
Gozag was pleased with you.
You visited 1 branch You collected 1524 gold pieces.
You spent 811 gold pieces at shops.

Inventory:

Hand Weapons
 d - a +0 dire flail (weapon)
 m - a +0 war axe
Armour
 b - a +0 leather armour
 o - a +0 plate armour (worn)
Jewellery
 a - the amulet of the Harvest (around neck) {Rampage rElec Regen+ Dex-3}
   (You bought it in a shop in the Dungeon)

   [amulet of regeneration]

   Dex-3:     It affects your dexterity (-3).
   rElec:     It insulates you from electricity.
   Regen+:    It increases your rate of health regeneration.
   Rampage:   It bestows one free step when moving towards enemies.
 j - the ring "Wejeses" (right hand) {Will+ Str+2 Int+3}
   (You bought it in a shop in the Dungeon)

   [ring of willpower]

   Str+2:     It affects your strength (+2).
   Int+3:     It affects your intelligence (+3).
   Will+:     It increases your willpower.
 n - the ring of the Sky (left hand) {EV+5 Str+2 Int+3}
   (You bought it in a shop in the Dungeon)

   [ring of evasion]

   EV+5:      It affects your evasion (+5).
   Str+2:     It affects your strength (+2).
   Int+3:     It affects your intelligence (+3).
Scrolls
 h - 2 scrolls of blinking
 l - 3 scrolls of fog
Potions
 c - a potion of curing
 e - 3 potions of haste
 f - 2 potions of magic
 i - a potion of resistance


   Skills:
 + Level 12.0 Fighting
 * Level 18.0 Axes
 + Level 2.9 Armour
 + Level 2.5 Dodging
 - Level 1.8 Spellcasting
 - Level 2.8 Conjurations


You had 9 spell levels left.
You knew the following spells:

 Your Spells              Type           Power      Damage    Failure   Level
a - Kiss of Death         Conj/Necr      28%        2d7       21%         1

Your spell library contained the following spells:

 Spells                   Type           Power      Damage    Failure   Level
 Momentum Strike          Conj/Tloc      14%        3d8       30%         2
 Hailstorm                Conj/Ice       7%         3d5       52%         3


Dungeon Overview and Level Annotations

Branches:
Dungeon (1/1)

Altars:
Cheibriados
Dithmenos
Fedhas
Gozag
Kikubaaqudgha
Makhleb
Okawaru
Qazlal
Ru
Sif Muna
Trog
Uskayaw
Vehumet
Wu Jian
Xom
Yredelemnul
Zin
The Shining One
Beogh
Lugonu

Shops:
D *[=??*?*:[((!!!!

Annotations:
D Lernaean hydra


Innate Abilities, Weirdness & Mutations

Your spellcasting is much less encumbered by armour.
You can use scrolls of enchantment on lesser artefacts.


Message History

Okay, then.
You rampage towards the 27-headed Lernaean hydra!
There is an ornate altar of the Wu Jian Council here.
Hit: d) +0 dire flail
Press: ? - help, Dir - move target, f - swamp drake
Aim: a swamp drake (about 45% to evade your +0 dire flail)
Okay, then.
QUAD DAMAGE!
THE SWAMP DRAKE BREATHES POISON AT YOU.
THE NOXIOUS BLAST ENGULFS YOU BUT DOES NO DAMAGE.
YOU ARE POISONED.
UNKNOWN COMMAND.
PRESS < OR > TO PRAY AT ALTARS.
YOU CLOSELY MISS THE SWAMP DRAKE.
YOU ARE ENGULFED IN NOXIOUS FUMES.
YOU CHOKE ON THE STENCH!
YOU ARE CONFUSED.
YOU FEEL SICK.
THE 27-HEADED LERNAEAN HYDRA BITES YOU.
THE 27-HEADED LERNAEAN HYDRA BITES YOU!
THE 27-HEADED LERNAEAN HYDRA BITES YOU BUT DOES NO DAMAGE.
THE 27-HEADED LERNAEAN HYDRA CLOSELY MISSES YOU.
THE 27-HEADED LERNAEAN HYDRA BITES YOU BUT DOES NO DAMAGE. x2
THE 27-HEADED LERNAEAN HYDRA BITES YOU.
THE 27-HEADED LERNAEAN HYDRA BITES YOU! x2
THE 27-HEADED LERNAEAN HYDRA BITES YOU.
THE 27-HEADED LERNAEAN HYDRA BITES YOU!
THE 27-HEADED LERNAEAN HYDRA BITES YOU. x2
THE 27-HEADED LERNAEAN HYDRA BITES YOU BUT DOES NO DAMAGE.
THE 27-HEADED LERNAEAN HYDRA BITES YOU.
THE 27-HEADED LERNAEAN HYDRA BITES YOU!
* * * LOW HITPOINT WARNING * * *
THE 27-HEADED LERNAEAN HYDRA BITES YOU.
* * * LOW HITPOINT WARNING * * *
THE 27-HEADED LERNAEAN HYDRA BARELY MISSES YOU.
THE 27-HEADED LERNAEAN HYDRA BITES YOU BUT DOES NO DAMAGE.
THE 27-HEADED LERNAEAN HYDRA COMPLETELY MISSES YOU.
THE 27-HEADED LERNAEAN HYDRA BITES YOU.
* * * LOW HITPOINT WARNING * * *
THE 27-HEADED LERNAEAN HYDRA BITES YOU.
* * * LOW HITPOINT WARNING * * *
THE 27-HEADED LERNAEAN HYDRA BITES YOU BUT DOES NO DAMAGE. x2
THE 27-HEADED LERNAEAN HYDRA BITES YOU!
YOU DIE...
YOUR BODY CRUMBLES INTO A PILE OF GOLD.

#⌠..........###..)###........
##......)......###...........
###∩....[...ß.# #.ß........∩
##∩___......###......_._∩#
######.ß.........ß.######
#⌠........)..⌠#
###..○......### #D○.......#
#@○○....._# #k○......_#
#∩.......∩# ##∩.....∩##
##.....## ##⌠§⌠## #####


You could see the 27-headed Lernaean hydra and a swamp drake (catching breath).

Vanquished Creatures
  An orc knight (D)
  A troll (D)
  Sigmund (D)
  A wraith (D)
  2 orc warriors (D)
  An ogre (D)
  4 wights (D)
  A hound (D)
  Terence (D)
  A white imp (D)
  3 orcs (D)
  An endoplasm (D)
  A giant cockroach (D)
  A frilled lizard (D)
  A rat (D)
  A spectral ball python (D)
22 creatures vanquished.

Notes
Turn   | Place    | Note
-------+----------+-------------------------------------------
     0 | D        | rocky1 the Mountain Dwarf Reaver began the quest for the
                  | Orb.
     0 | D        | Reached XP level 1. HP: 17/17 MP: 3/3
     4 | D        | Found a glowing golden altar of the Shining One.
     4 | D        | Found a shimmering altar of Xom.
     5 | D        | Found a glowing silver altar of Zin.
     5 | D        | Found a burning altar of Makhleb.
     5 | D        | Round 1.
     6 | D        | Found a hide-covered altar of Uskayaw.
     6 | D        | Found a corrupted altar of Lugonu.
     7 | D        | Found Huutum's Timeless Talismans.
     7 | D        | Found an iron altar of Okawaru.
     7 | D        | Found a shadowy altar of Dithmenos.
     7 | D        | Found Tikhlo's Identification Station.
     8 | D        | Found a sacrificial altar of Ru.
     9 | D        | Found Qefesk's Magic Scroll Shop.
    10 | D        | Found a stormy altar of Qazlal.
    10 | D        | Found a shimmering blue altar of Sif Muna.
    10 | D        | Found a blossoming altar of Fedhas.
    10 | D        | Found Gotom's Staff Store.
    10 | D        | Found Bytem's Magic Scroll Shop.
    10 | D        | Found Zuazemm's Must-Have Magic.
    23 | D        | Found a roughly hewn altar of Beogh.
    24 | D        | Found a basalt altar of Yredelemnul.
    26 | D        | Found Zouxkainn's Distillery.
    27 | D        | Found Huemun's Distillery.
    27 | D        | Found Xeomoic's Bottled Wisdom.
    28 | D        | Found an opulent altar of Gozag.
    28 | D        | Found a radiant altar of Vehumet.
    28 | D        | Found Wexutod's Do-It-Yourself Clinic.
    37 | D        | Became a worshipper of Gozag Ym Sagoz the Greedy
    40 | D        | Found a bloodstained altar of Trog.
    40 | D        | Found a snail-covered altar of Cheibriados.
    43 | D        | Found Unyamno's Weapon Rack.
    44 | D        | Found Yfangoem's Basic Armour.
    44 | D        | Found Veshraph's Miscellaneous Merchandise.
    45 | D        | Found an ornate altar of the Wu Jian Council.
    45 | D        | Found an ancient bone altar of Kikubaaqudgha.
    45 | D        | Found Ulig's Premium Goods.
    65 | D        | Found Ziusoudgh's Advanced Armour.
    65 | D        | Found Facetoe's Jewellery.
    73 | D        | Reached skill level 4 in Axes
   121 | D        | Noticed Sigmund
   133 | D        | Killed Sigmund
   134 | D        | Reached skill level 11 in Axes
   134 | D        | Reached XP level 2. HP: 5/34 MP: 4/4
   134 | D        | Reached XP level 3. HP: 6/39 MP: 5/5
   134 | D        | Reached XP level 4. HP: 7/47 MP: 6/6
   134 | D        | Reached XP level 5. HP: 8/52 MP: 7/7
   142 | D        | Arena points: 12 (+12) [x2]
   155 | D        | Bought a slimy iron amulet for 45 gold pieces
   155 | D        | Identified the amulet of the Harvest {Rampage rElec Regen+
                  | Dex-3} (You bought it in a shop in the Dungeon)
   155 | D        | Bought a coiled ivory ring for 45 gold pieces
   155 | D        | Identified the ring "Wejeses" {Will+ Str+2 Int+3} (You
                  | bought it in a shop in the Dungeon)
   155 | D        | Bought a clouded bone ring for 45 gold pieces
   155 | D        | Identified the ring of the Sky {EV+5 Str+2 Int+3} (You
                  | bought it in a shop in the Dungeon)
   190 | D        | Round 2.
   192 | D        | Bought a +0 plate armour for 276 gold pieces
   236 | D        | Noticed Terence
   243 | D        | Killed Terence
   328 | D        | Arena points: 54 (+42) [x3]
   329 | D        | Reached skill level 12 in Axes
   355 | D        | Round 3.
   357 | D        | Noticed an ogre
   363 | D        | Killed an ogre
   364 | D        | Reached skill level 13 in Axes
   364 | D        | Reached XP level 6. HP: 42/62 MP: 8/8
   384 | D        | Noticed an orc warrior
   384 | D        | Noticed a troll
   385 | D        | Noticed an orc warrior
   391 | D        | Killed a troll
   392 | D        | Reached skill level 14 in Axes
   392 | D        | Reached XP level 7. HP: 61/71 MP: 9/9
   395 | D        | Reached skill level 10 in Fighting
   395 | D        | Reached skill level 15 in Axes
   403 | D        | Noticed an orc knight
   422 | D        | Killed an orc knight
   423 | D        | Reached skill level 17 in Axes
   423 | D        | Reached XP level 8. HP: 19/82 MP: 10/10
   449 | D        | Arena points: 72 (+18) [x1]
   464 | D        | Round 4.
   488 | D        | Reached skill level 1 in Armour
   505 | D        | Arena points: 128 (+56) [x2]
   506 | D        | Reached skill level 18 in Axes
   543 | D        | Round 5.
   547 | D        | Noticed the 27-headed Lernaean hydra
   566 | D        | Bought a quad damage for 400 gold pieces
   568 | D        | HP: 1/83 [the 27-headed Lernaean hydra (6)]
   568 | D        | Mangled by the 27-headed Lernaean hydra

Illustrated notes

Levels and vault maps discovered:
D:        arena_sprint

Skill      XL: |  1  2  3  4  5  6  7  8 |
---------------+-------------------------+-----
Axes           | 11 13 14 17 18 | 18.0
Fighting       | 7 8 9 11 12 | 12.0
Armour         | 2 |  2.9
Dodging        | 2 |  2.5
Spellcasting   | |  1.8
Conjurations   | |  2.8

Action                     |  1- 3 |  4- 6 |  7- 9 || total
---------------------------+-------+-------+-------++-------
  Melee: Hand axe          |     9 |       |       ||     9
         War axe           |     2 |    29 |    44 ||    75
         Dire flail        |       |       |     1 ||     1
  Evoke: Wand              |     5 |     3 |     2 ||    10
         Quad damage       |       |       |     1 ||     1
    Use: Potion            |       |     2 |     4 ||     6
         Scroll            |       |       |     2 ||     2
 Armour: Leather armour    |     7 |       |       ||     7
         Plate armour      |       |    16 |    50 ||    66
  Dodge: Dodged            |     4 |    11 |    19 ||    34

Table legend: (Time is in decaauts)
 A = Elapsed time spent in this place.
 B = Non-inter-level travel time spent in this place.
 C = Inter-level travel time spent in this place.
 D = Time resting spent in this place.
 E = Time spent auto-exploring this place.
 F = Levels seen in this place.
 G = Mean time per level.
                   A        B        C        D        E       F      G
               +--------+--------+--------+--------+--------+-----+--------+
         Total |    564 |    564 |      0 |     16 |      0 |   1 |  564.0 |
       Dungeon |    564 |    564 |      0 |     16 |      0 |   1 |  564.0 |
               +--------+--------+--------+--------+--------+-----+--------+

Top non-repeatable levels by time:
       D: 564 daAuts
